 Dungeon Crawl Stone Soup version 0.28-a0-43-g560ac104fe (webtiles) character file.

Game seed: 8345312192186727601

12271 dang3rdave the Frost Mage (level 11, -30/71 HPs)
             Began as a Gargoyle Chaos Knight on July 28, 2021.
             Was a High Priest of Nemelex Xobeh.
             Killed from afar by a deep troll earth mage (51 damage)
             ... with a blast of metal fragments
             ... on level 12 of the Dungeon.
             The game lasted 00:27:04 (10110 turns).

dang3rdave the Frost Mage (Gargoyle Chaos Knight)  Turns: 10110, Time: 00:27:06

Health: -30/71     AC: 22    Str: 17    XL:     11   Next: 90%
Magic:  14/19      EV: 11    Int: 13    God:    Nemelex Xobeh [*****.]
Gold:   573        SH:  0    Dex:  7    Spells: 6/21 levels left

rFire   . . .      SeeInvis .   a - +5 dire flail (freeze)
rCold   . . .      Faith    .   (shield currently unavailable)
rNeg    + . .      Spirit   .   n - +3 troll leather armour
rPois   ∞          Reflect  .   t - +0 helmet
rElec   +          Harm     .   N - +0 cloak
rCorr   +          Rampage  .   (no gloves)
Will    .....                   (no boots)
Stlth   +.........              M - amulet of regeneration
HPRegen 3.21/turn               q - ring of flight
MPRegen 0.16/turn               O - ring of resist corrosion

@: ice-armoured, freezing walls, flying
A: sickness immunity, AC +8, negative energy resistance 1, electricity
resistance, torment resistance 1, petrification resistance, clumsy 1,
regeneration 1, weak 1
a: Renounce Religion, Draw Escape, Draw Destruction, Draw Summoning, Triple
Draw, Deal Four, Stack Five


You were on level 12 of the Dungeon.
You worshipped Nemelex Xobeh.
Nemelex Xobeh was extremely pleased with you.
You visited 1 branch of the dungeon, and saw 12 of its levels.
You also visited: Ossuary.

You collected 621 gold pieces.
You spent 48 gold pieces at shops.

Inventory:

Hand Weapons
 a - a +5 dire flail of freezing (weapon)
 R - a +3 mace of freezing
Missiles
 g - 16 javelins (quivered)
 h - 10 boomerangs
Armour
 k - a +0 kite shield
 n - a +3 troll leather armour (worn)
 r - a scarf of shadows
 t - a +0 helmet (worn)
 N - a +0 cloak (worn)
Jewellery
 q - a ring of flight (left hand)
 M - an amulet of regeneration (around neck)
 O - a ring of resist corrosion (right hand)
Wands
 e - a wand of polymorph (25)
 u - a wand of acid (1)
 K - a wand of mindburst (10)
 L - a wand of iceblast (10)
 P - a wand of digging (5)
Scrolls
 b - a scroll of identify
 j - 3 scrolls of silence {unknown}
 l - a scroll of enchant weapon {unknown}
 o - 6 scrolls of teleportation
 p - a scroll of brand weapon {unknown}
 s - 4 scrolls of immolation
 v - a scroll of torment {unknown}
 B - 2 scrolls of blinking {unknown}
 D - 6 scrolls of fog
 G - 4 scrolls of fear
 J - 4 scrolls of amnesia {unknown}
Potions
 c - 4 potions of haste
 d - 8 potions of curing
 f - 5 potions of degeneration
 i - 4 potions of resistance
 w - 2 potions of brilliance {unknown}
 x - 5 potions of lignification
 z - a potion of attraction {unknown}
 A - 2 potions of heal wounds
 C - a potion of experience {unknown}
 E - a potion of magic {unknown}
 F - 3 potions of might
 H - 2 potions of ambrosia {unknown}
 I - 3 potions of mutation


   Skills:
 - Level 9.0 Fighting
 - Level 7.0 Maces & Flails
 - Level 2.1 Armour
 - Level 0.7 Dodging
 + Level 5.8 Spellcasting
 - Level 10.0 Conjurations
 + Level 2.7 Hexes
 + Level 10.5 Ice Magic
 - Level 3.0 Evocations


You had 6 spell levels left.
You knew the following spells:

 Your Spells              Type           Power      Damage    Failure   Level
a - Frozen Ramparts       Ice            62%        1d8       1%          3
b - Hailstorm             Conj/Ice       30%        3d8       3%          4
c - Metabolic Englaciati  Hex/Ice        10%        N/A       36%         5
z - Ozocubu's Armour      Ice            31%        N/A       1%          3

Your spell library contained the following spells:

 Spells                   Type           Power      Damage    Failure   Level
 Freeze                   Ice            100%       1d11      1%          1
 Static Discharge         Conj/Air       16%        N/A       4%          2
 Slow                     Hex            10%        N/A       10%         2
 Animate Skeleton         Necr           6%         N/A       21%         1
 Pain                     Necr           12%        1d4       21%         1
 Confusing Touch          Hex            10%        N/A       21%         3
 Sticky Flame             Conj/Fire      16%        2d4       26%         4
 Vampiric Draining        Necr           1%         2d6       52%         3
 Dispel Undead            Necr           3%         3d7       90%         4
 Simulacrum               Ice/Necr       8%         N/A       98%         6


Dungeon Overview and Level Annotations

Branches:
Dungeon (12/15)            Temple (0/1) D:6            Lair (0/6) D:11
    Orc (0/2) D:11        Ossuary (visited)

Altars:
Dithmenos
Fedhas
Gozag
Kikubaaqudgha
Makhleb
Nemelex Xobeh
Okawaru
Qazlal
Ru
Sif Muna
Trog
Vehumet
Wu Jian
Xom
Beogh

Shops:
D:3 *   D:7 *

Annotations:
D:4 exclusions: 2 doors and orb spider
D:9 exclusion: obsidian statue
D:10 exclusion: ice statue


Innate Abilities, Weirdness & Mutations

You are immune to sickness and miasma.
Your stone body is resilient. (AC +8)
You are immune to poison.
You resist negative energy. (rN+)
You are resistant to electric shocks. (rElec)
You are resistant to unholy torment.
You are immune to petrification.
You are clumsy. (Dex -2)
Your natural rate of healing is unusually fast.
You are weak. (Str -2)


Message History

Confirm with . or Enter, or press ? or * to list all spells.
You can't see any susceptible monsters within range! (Use Z to cast anyway.)
Casting: Frozen Ramparts (safe; 1% risk of failure)
Confirm with . or Enter, or press ? or * to list all spells.
A film of ice covers your body! The cyclops hits you!
Unknown command.
Casting: Ozocubu's Armour (safe; 1% risk of failure)
Confirm with . or Enter, or press ? or * to list all spells.
Casting: Frozen Ramparts (safe; 1% risk of failure)
Press: ? - help, Dir - look around, f - activate The walls around you are covered in ice.
Unknown command.
You bludgeon the cyclops!! You freeze the cyclops!
The cyclops is heavily wounded.
The wall freezes the cyclops.
The cyclops misses you.
You barely miss the cyclops.
The cyclops is severely wounded.
The wall freezes the cyclops!
The cyclops barely misses you.
You puncture the cyclops! You freeze the cyclops.
You kill the cyclops!
The wall freezes the deep troll earth mage.
The deep troll earth mage bites you!!
The deep troll earth mage claws you but does no damage.
The deep troll earth mage claws you!
You bludgeon the deep troll earth mage!!
You freeze the deep troll earth mage!
The deep troll earth mage is heavily wounded.
The wall freezes the deep troll earth mage!
The deep troll earth mage bites you! The deep troll earth mage claws you.
The deep troll earth mage claws you!
* * * LOW HITPOINT WARNING * * *
You fail to use your ability.
The wall freezes the yaktaur captain!
The wall freezes the deep troll earth mage.
The deep troll earth mage gestures at you while chanting.
The metal wall shatters!
The blast of metal fragments hits you!!!
Ouch! That really hurt!
You die...
Xom thinks this is hilarious!
Your body disappears without a glow.

## .# .# ####### .# ##
#.....#
########=?##.....#
.......#.(.......#
####...# #...c.#
.......#####...T@#
####..).....#####(.8....
#........# .......
#........# .......
#.......P# .......
#.....8..# .......
#......##.. ####...
#......# ... #..
#......# ...


You could see a yaktaur captain and a deep troll earth mage.

Vanquished Creatures
  A two-headed ogre (D:11)
  Erica (D:9)
  An orc knight (D:11)
  2 cyclopes (D:12)
  Joseph (D:8)
  2 gargoyles (D:11)
  Psyche (D:8)
  A troll (D:10)
  A meliai zombie (D:10)
  A shadow (D:11)
  A wraith (D:10)
  Eustachio (D:5)
  2 wyverns
  8 yaks
  A steam dragon (D:8)
  An acid dragon (D:11)
  A water moccasin (D:6)
  2 ice beasts
  12 orc warriors
  2 sky beasts
  A necrophage (D:4)
  2 centaurs
  An ogre (D:7)
  3 phantoms
  4 kobold brigands
  A scorpion (D:6)
  5 bullfrogs
  2 gnoll sergeants (D:9)
  A wyvern skeleton (D:5)
  3 killer bees (D:7)
  13 wights
  3 howler monkeys
  7 centaur zombies
  7 orc priests
  3 jellies
  A hound (D:6)
  A human zombie (Ossuary)
  4 iguanas
  11 orc wizards
  A scorpion zombie (D:3)
  2 hound skeletons (D:4)
  4 mummies (Ossuary)
  A howler monkey skeleton (D:7)
  11 gnolls
  6 adders
  A white imp (D:6)
  2 ufetubi
  2 worms (D:4)
  A dart slug (D:5)
  44 orcs
  6 bats
  5 endoplasms
  6 giant cockroaches
  A gnoll zombie (Ossuary)
  6 goblins
  7 hobgoblins
  7 jackals
  2 quokkas
  12 ball pythons
  4 frilled lizards
  2 goblin zombies (Ossuary)
  18 kobolds
  2 kobold zombies (Ossuary)
  11 rats
280 creatures vanquished.

Vanquished Creatures (collateral kills)
  A steam dragon (D:5)
  A water moccasin (D:5)
  A sky beast (D:5)
  A jelly (D:5)
  A howler monkey skeleton (D:5)
  An adder (D:5)
  2 white imps (D:5)
  An ufetubus (D:5)
  A quokka (D:5)
10 creatures vanquished.

Vanquished Creatures (others)
  5 fungi (D:7)
  5 plants (D:7)
10 creatures vanquished.

Grand Total: 300 creatures vanquished

Notes
Turn   | Place    | Note
-------+----------+-------------------------------------------
     0 | D:1      | dang3rdave the Gargoyle Chaos Knight began the quest for
                  | the Orb.
     0 | D:1      | Reached XP level 1. HP: 14/14 MP: 1/1
    32 | D:1      | XOM: silly message
    76 | D:1      | XOM: silly message
   102 | D:1      | XOM: potion effect (experience)
   102 | D:1      | Reached XP level 2. HP: 11/26 MP: 2/2
   320 | D:1      | XOM: silly message
   516 | D:1      | Reached XP level 3. HP: 27/30 MP: 3/3
   707 | D:1      | XOM: give mutations
   707 | D:1      | Gained mutation: Your natural rate of healing is unusually
                  | fast. [Xom's mischief]
   707 | D:1      | Gained mutation: You are clumsy. (Dex -2) [Xom's mischief]
   707 | D:1      | Lost mutation: You are clumsy. (Dex -2) [Xom's mischief]
   707 | D:1      | Gained mutation: You sometimes lose the ability to read
                  | scrolls when taking damage. [Xom's mischief]
   889 | D:1      | XOM: summons 2 hostile demons
  1110 | D:2      | Reached XP level 4. HP: 36/36 MP: 4/4
  1175 | D:2      | XOM: noise
  1209 | D:2      | XOM: confuse monster(s)
  1215 | D:2      | XOM: swap monsters
  1226 | D:2      | XOM: divination: magic mapping
  1258 | D:2      | Learned a level 3 spell: Frozen Ramparts
  1258 | D:2      | Found a faded altar of an unknown god.
  1437 | D:2      | Fell from the grace of Xom
  1437 | D:2      | Became a worshipper of Nemelex Xobeh the Trickster
  1437 | D:2      | Reached * piety under Nemelex Xobeh
  1500 | D:3      | Reached XP level 5. HP: 41/41 MP: 5/5
  1500 | D:3      | Received a gift from Nemelex Xobeh
  1569 | D:3      | Found an ornate altar of the Wu Jian Council.
  1757 | D:3      | Reached skill level 1 in Ice Magic
  1819 | D:3      | Found Puumeco's General Store.
  1824 | D:3      | Bought 2 scrolls of identify for 48 gold pieces
  1853 | D:3      | XOM: stat loss: -1 Int (12/13)
  2118 | D:4      | Reached ** piety under Nemelex Xobeh
  2118 | D:4      | XOM: 6-stop teleportation journey
  2151 | D:4      | XOM: enchant monster (bad)
  2302 | D:4      | XOM: noise
  2322 | D:4      | Reached XP level 6. HP: 46/46 MP: 6/6
  2463 | D:4      | Found a shimmering blue altar of Sif Muna.
  2606 | D:4      | Noticed a shapeshifter
  2606 | D:4      | Noticed an orb spider
  2606 | D:4      | a shapeshifter changed into an orb spider
  2715 | D:4      | Noticed a necrophage
  2725 | D:4      | Killed a necrophage
  2753 | D:4      | Received a gift from Nemelex Xobeh
  3063 | D:5      | Entered Level 5 of the Dungeon
  3087 | D:5      | Noticed Eustachio
  3100 | D:5      | Killed Eustachio
  3101 | D:5      | Reached skill level 5 in Maces & Flails
  3101 | D:5      | Reached XP level 7. HP: 46/51 MP: 7/7
  3114 | D:5      | Found a sand-covered staircase.
  3124 | Ossuary  | Entered an ossuary
  3238 | Ossuary  | XOM: noise
  3383 | Ossuary  | XOM: stat loss: -1 Int (12/13)
  3569 | D:5      | XOM: give mutations
  3569 | D:5      | Gained mutation: You are clumsy. (Dex -2) [Xom's mischief]
  3569 | D:5      | Lost mutation: You sometimes lose the ability to read
                  | scrolls when taking damage. [Xom's mischief]
  3569 | D:5      | Gained mutation: You are dopey. (Int -2) [Xom's mischief]
  3606 | D:5      | Noticed a steam dragon
  3606 | D:5      | a scorpion changed into a steam dragon
  3610 | D:5      | Killed a steam dragon
  3612 | D:5      | Reached XP level 8. HP: 48/56 MP: 8/8
  3783 | D:5      | Reached *** piety under Nemelex Xobeh
  3936 | D:5      | Reached skill level 5 in Ice Magic
  4342 | D:6      | Found a staircase to the Ecumenical Temple.
  4746 | D:6      | Reached XP level 9. HP: 52/60 MP: 9/9
  4867 | D:6      | Received a gift from Nemelex Xobeh
  5152 | D:7      | XOM: silly message
  5251 | D:7      | Reached **** piety under Nemelex Xobeh
  5416 | D:7      | Found a blossoming altar of Fedhas.
  5566 | D:7      | XOM: silly message
  5776 | D:7      | Found Gozag's Platinum Reserve.
  5778 | D:7      | Found an opulent altar of Gozag.
  5824 | D:7      | Received a gift from Nemelex Xobeh
  6035 | D:7      | Reached skill level 10 in Ice Magic
  6041 | D:7      | Learned a level 4 spell: Hailstorm
  6117 | D:8      | Noticed Psyche
  6128 | D:8      | Reached skill level 1 in Conjurations
  6129 | D:8      | Reached skill level 1 in Evocations
  6130 | D:8      | Killed Psyche
  6131 | D:8      | Reached XP level 10. HP: 66/66 MP: 4/10
  6224 | D:8      | Identified the +1 robe of Disguise {rC+ Str+3 Int-2}
  6225 | D:8      | XOM: 2-stop teleportation journey
  6246 | D:8      | Noticed Joseph
  6253 | D:8      | Killed Joseph
  6253 | D:8      | XOM: enchant monster (bad)
  6495 | D:8      | Received a gift from Nemelex Xobeh
  6514 | D:8      | HP: 3/66 [wyvern (3)]
  6595 | D:8      | Reached skill level 1 in Spellcasting
  6740 | D:8      | Received a gift from Nemelex Xobeh
  6751 | D:8      | Found a bloodstained altar of Trog.
  6751 | D:8      | Found a stormy altar of Qazlal.
  6979 | D:8      | Found a radiant altar of Vehumet.
  7012 | D:8      | Reached ***** piety under Nemelex Xobeh
  7226 | D:9      | Reached skill level 5 in Conjurations
  7273 | D:9      | Found a burning altar of Makhleb.
  7276 | D:9      | Found a shadowy altar of Dithmenos.
  7346 | D:9      | Found a sacrificial altar of Ru.
  7432 | D:9      | XOM: 2-stop teleportation journey
  7433 | D:9      | Noticed Erica
  7439 | D:9      | Killed Erica
  7574 | D:9      | Found a shimmering altar of Xom.
  7576 | D:9      | Found a blossoming altar of Fedhas.
  7576 | D:9      | Found a blossoming altar of Fedhas.
  7579 | D:9      | Found an ornate altar of the Wu Jian Council.
  7579 | D:9      | Found a hazy altar of Hepliaklqana.
  7579 | D:9      | Found an ancient bone altar of Kikubaaqudgha.
  7632 | D:9      | Received a gift from Nemelex Xobeh
  7669 | D:9      | Noticed an obsidian statue
  7927 | D:9      | Found an iron altar of Okawaru.
  8119 | D:10     | Entered Level 10 of the Dungeon
  8128 | D:10     | Reached XP level 11. HP: 67/71 MP: 16/16
  8447 | D:10     | Received a gift from Nemelex Xobeh
  8652 | D:10     | XOM: noise
  8740 | D:10     | XOM: give mutations
  8740 | D:10     | Gained mutation: You are frail. (-10% HP) [Xom's mischief]
  8740 | D:10     | Lost mutation: You are dopey. (Int -2) [Xom's mischief]
  8740 | D:10     | Gained mutation: You are weak. (Str -2) [Xom's mischief]
  8740 | D:10     | Lost mutation: You are frail. (-10% HP) [Xom's mischief]
  8747 | D:10     | Learned a level 5 spell: Metabolic Englaciation
  8751 | D:10     | Learned a level 3 spell: Ozocubu's Armour
  9019 | D:11     | Received a gift from Nemelex Xobeh
  9072 | D:11     | Found a staircase to the Lair.
  9123 | D:11     | Noticed a two-headed ogre
  9142 | D:11     | Killed a two-headed ogre
  9227 | D:11     | Reached skill level 5 in Spellcasting
  9390 | D:11     | Found a staircase to the Orcish Mines.
  9417 | D:11     | Noticed an orc knight
  9419 | D:11     | Reached skill level 10 in Conjurations
  9425 | D:11     | Killed an orc knight
  9426 | D:11     | Reached skill level 1 in Hexes
  9779 | D:11     | XOM: summons 1 hostile shadow creature
 10001 | D:12     | Noticed a cyclops
 10046 | D:12     | Killed a cyclops
 10089 | D:12     | Received a gift from Nemelex Xobeh
 10100 | D:12     | Noticed a deep troll earth mage
 10100 | D:12     | Noticed a cyclops
 10102 | D:12     | Noticed a yaktaur captain
 10108 | D:12     | Killed a cyclops
 10110 | D:12     | Killed from afar by a deep troll earth mage

Illustrated notes

Levels and vault maps discovered:
D:1:      dpeg_arrival_simpleton_b, layout_basic, st_stairs_3,
          wander_ebering_terrifying_dragon_lair
D:2:      layout_rooms, ebering_ecumenical_altar_box
D:3:      layout_basic, nicolae_wu_jian_wuxing_cycle, serial_shops, shop,
          moated_statue, minmay_misc_feat_iff
D:4:      layout_cave_pods, kennysheep_mini_moat, minmay_snake_closets
D:5:      layout_cave_pools, chequers_ossuary_entry_cave, chequers_mini_garden,
          wad_rectangle_vault, uniq_eustachio
D:6:      layout_loops_corners, minmay_temple_entry_slanted
D:7:      layout_basic, fedhas_altar_3, nicolae_gozag_zags_fifth_avenue,
          ebering_dispersal_statue_hall
D:8:      layout_loops_ring, mainiacjoe_overflow_paths,
          gammafunk_temple_overflow_elements, uniq_psyche, uniq_joseph
D:9:      layout_loops_ring, nicolae_overflow_hidden_temple,
          doesnt_xom_only_xom, minivault_16, uniq_erica
D:10:     layout_basic, minivault_16
D:11:     layout_long_grid, lair_entry_dummy, david_orc_5,
          hangedman_decor_points
D:12:     layout_basic, wad_dig_loot

Skill      XL: |  1  2  3  4  5  6  7  8  9 10 11 |
---------------+----------------------------------+-----
Fighting       | 8 9 |  9.0
Ice Magic      | 1 3 4 6 10 | 10.5
Maces & Flails | 4 5 7 |  7.0
Conjurations   | 2 7 10 | 10.0
Evocations     | 1 3 |  3.0
Spellcasting   | 3 5 |  5.8
Hexes          | 2 |  2.7
Armour         | |  2.1
Dodging        | |  0.7

Action                   |  1- 3 |  4- 6 |  7- 9 | 10-12 || total
-------------------------+-------+-------+-------+-------++-------
Melee: Mace              |   122 |   147 |   388 |    86 ||   743
       Dire flail        |       |       |       |   196 ||   196
Throw: Javelin           |       |       |     4 |       ||     4
 Cast: Frozen Ramparts   |       |       |     4 |    22 ||    26
       Hailstorm         |       |       |       |     9 ||     9
       Ozocubu's Armour  |       |       |       |     4 ||     4
Invok: Draw Destruction  |       |     1 |    13 |     9 ||    23
       Draw Summoning    |       |       |     1 |       ||     1
       Draw Escape       |       |       |     1 |     1 ||     2
Evoke: Wand              |       |       |    13 |     7 ||    20
  Use: Scroll            |       |     5 |     5 |     6 ||    16
       Potion            |       |       |       |     2 ||     2
 Stab: Confused          |       |     3 |     2 |     1 ||     6
       Sleeping          |       |       |       |     1 ||     1
Armor: Leather armour    |    67 |    81 |   206 |    83 ||   437
       Troll leather arm |       |       |       |    70 ||    70
Dodge: Dodged            |   103 |    95 |   229 |   197 ||   624

Table legend: (Time is in decaauts)
 A = Elapsed time spent in this place.
 B = Non-inter-level travel time spent in this place.
 C = Inter-level travel time spent in this place.
 D = Time resting spent in this place.
 E = Time spent auto-exploring this place.
 F = Levels seen in this place.
 G = Mean time per level.
                   A        B        C        D        E       F      G
               +--------+--------+--------+--------+--------+-----+--------+
         Total |  10201 |   9728 |    473 |    573 |   6568 |  13 |  784.7 |
       Dungeon |   9855 |   9382 |    473 |    528 |   6547 |  12 |  821.2 |
       Ossuary |    346 |    346 |      0 |     45 |     21 |   1 |  346.0 |
               +--------+--------+--------+--------+--------+-----+--------+

Top non-repeatable levels by time:
     D:8: 1154 daAuts
     D:7: 1082 daAuts
    D:11: 992 daAuts
     D:4: 965 daAuts
     D:6: 963 daAuts
     D:1: 954 daAuts
     D:9: 899 daAuts
    D:10: 860 daAuts
     D:3: 655 daAuts
     D:5: 638 daAuts
     D:2: 552 daAuts
 Ossuary: 346 daAuts
    D:12: 134 daAuts
